 Dungeon Crawl Stone Soup version 0.26-a0-844-g3dd439832f (webtiles) character file.

Game seed: 4346962829944717870

28 pablito the Sneak (level 3, 0/19 HPs)
             Began as a Kobold Enchanter on Nov 18, 2020.
             Slain by a hobgoblin
             ... wielding a +0 club
              (3 damage)
             ... on level 2 of the Dungeon.
             The game lasted 00:06:03 (1118 turns).

pablito the Sneak (Kobold Enchanter)                Turns: 1118, Time: 00:06:04

Health: 0/19       AC:  2    Str:  5    XL:     3   Next: 30%
Magic:  4/6        EV: 16    Int: 16    God:
Gold:   79         SH:  0    Dex: 16    Spells: 4/7 levels left

rFire    . . .     SeeInvis .   a - +1 dagger
rCold    . . .     Faith    .   (shield restricted)
rNeg     . . .     Spirit   .   b - +0 robe
rPois    .         Reflect  .   (no helmet)
rElec    .         Harm     .   (no cloak)
rCorr    .         Rampage  .   (no gloves)
MR       .....                  (no boots)
Stlth    ++++......             (no amulet)
HPRegen  0.06/turn              (no ring)
MPRegen  0.10/turn              (no ring)

@: no status effects
A: small, nightstalker 3
a: no special abilities


You were on level 2 of the Dungeon.
You visited 1 branch of the dungeon, and saw 2 of its levels.

You collected 79 gold pieces.

Inventory:

Hand Weapons
 a - a +1 dagger (weapon)
Armour
 b - a +0 robe (worn)
Jewellery
 f - an uncursed amulet of guardian spirit {unknown}
Potions
 c - a potion of cancellation {unknown}
 d - a potion of invisibility {unknown}
 e - 3 potions of curing {unknown}


   Skills:
 + Level 2.1 Short Blades
 + Level 2.9 Dodging
 + Level 4.4 Stealth
 + Level 2.5 Spellcasting
 + Level 3.2 Hexes


You had 4 spell levels left.
You knew the following spells:

 Your Spells              Type           Power        Failure   Level
a - Corona                Hex            ##.....      5%          1
b - Ensorcelled Hibernat  Hex/Ice        #.....       16%         2

Your spell library contained the following spells:

 Spells                   Type           Power        Failure   Level
 Confusing Touch          Hex            ##......     16%         3
 Tukima's Dance           Hex            ##......     16%         3
 Dazzling Flash           Conj/Hex       #.....       30%         3


Dungeon Overview and Level Annotations

Branches:
Dungeon (2/15)

Altars:

Annotations:
D:2 Robin


Innate Abilities, Weirdness & Mutations

You are small and have problems with some larger weapons.
You are completely attuned to the shadows.


Message History

The hobgoblin is severely wounded!
The hobgoblin closely misses you!
You perforate the hobgoblin but do no damage!
The hobgoblin is severely wounded!
You stick the hobgoblin but do no damage!
The hobgoblin is severely wounded!
The hobgoblin hits you with a +0 club!
You spit the hobgoblin like a pig!
The hobgoblin is almost dead!
The hobgoblin hits you with a +0 club! * * * don't die
* * * Cast which spell? (? or * to list)
Okay, then!
Cast which spell? (? or * to list)
Aiming: Ensorcelled Hibernation (safe; 16% risk of failure)
Press: ? - help, Shift-Dir - straight line, f - hobgoblin
Aim: a hobgoblin, wielding a +0 club (almost dead, chance to defeat MR: 56%)
The hobgoblin resists with significant effort!
The hobgoblin hits you with a +0 club! rip

#.g... #.....
#..... #..... +>#
###### #.# #g....
.......#.# #@....
.......#.# #.....
.......#'###.....
#.........##.....
#..)......##.....
#................
#.....)..........
#................
#.........#......


You could see a hobgoblin.

Vanquished Creatures
  A dart slug (D:2)
  2 leopard geckos (D:1)
  A ball python (D:1)
  3 bats (D:1)
  2 goblins (D:1)
  4 hobgoblins
  2 frilled lizards
  4 kobolds (D:1)
  5 rats
24 creatures vanquished.

Notes
Turn   | Place    | Note
-------+----------+-------------------------------------------
     0 | D:1      | pablito the Kobold Enchanter began the quest for the Orb.
     0 | D:1      | Reached XP level 1. HP: 10/10 MP: 3/3
     4 | D:1      | Noticed an electric eel
     7 | D:1      | Noticed an electric eel
   111 | D:1      | Reached XP level 2. HP: 15/15 MP: 5/5
   289 | D:1      | Learned a level 2 spell: Ensorcelled Hibernation
   722 | D:1      | Reached XP level 3. HP: 19/19 MP: 6/6
   869 | D:2      | Noticed Robin
  1118 | D:2      | Slain by a hobgoblin

Illustrated notes

Levels and vault maps discovered:
D:1:      arrival_aquarium_b, layout_loops_cross
D:2:      layout_basic, lemuel_coloured_pillars_altar, uniq_robin

Skill      XL: |  1  2 |
---------------+-------+-----
Short Blades   | 2 |  2.1
Dodging        | |  2.9
Stealth        | |  4.4
Spellcasting   | |  2.5
Hexes          | |  3.2

Action                   || total
-------------------------++-------
Melee: Dagger            ||    51
 Cast: Ensorcelled Hiber ||     1
 Stab: Sleeping          ||    18
Armor: Robe              ||     2
Dodge: Dodged            ||    19

Table legend: (Time is in decaauts)
 A = Elapsed time spent in this place.
 B = Non-inter-level travel time spent in this place.
 C = Inter-level travel time spent in this place.
 D = Time resting spent in this place.
 E = Time spent auto-exploring this place.
 F = Levels seen in this place.
 G = Mean time per level.
                   A        B        C        D        E       F      G
               +--------+--------+--------+--------+--------+-----+--------+
         Total |   1114 |   1049 |     65 |      0 |    822 |   2 |  557.0 |
       Dungeon |   1114 |   1049 |     65 |      0 |    822 |   2 |  557.0 |
               +--------+--------+--------+--------+--------+-----+--------+

Top non-repeatable levels by time:
     D:1: 895 daAuts
     D:2: 218 daAuts
